Celery, chaotic female sylph Rogue ---------- ------- |........| |...<.-# |........| |.....|# |..*.....-# |.....|# --------.-# -------# # # # ### # # # # # ### ## # # # ## # # ## #### ---------.--- # ---------|-- ### |...........| # ##-...........##### |.....`I....| ###----------- # |..........| # # |......I....| #...........##### |...........## ###|...........| |.........| ------------ #-.....------- |.........| ------- ----------- Celery the Cutpurse Experience level: 4 Strength: 13 Dexterity: 20 Constitution: 15 Intelligence: 9 Wisdom: 10 Charisma: 7 Health: 0(37) Energy: 16(16) Def: 0 Gold: 230 Moves: 1789 Dungeon seed: Pd0atLm4GMUsa0OK Game ID: Celery_1470250126 Your Inventory: Coins $ - 230 gold pieces Weapons a - an uncursed +0 short sword (alternate weapon; not wielded) b - 5 uncursed +0 daggers (in quiver) r - 9 uncursed poisoned +0 darts G - an uncursed +0 dagger (weapon in hand) Armor e - an uncursed +1 leather armor Comestibles k - an uncursed tripe ration Scrolls o - an uncursed scroll of remove curse H - an uncursed scroll of scare monster Potions c - an uncursed potion of sickness i - 2 uncursed potions of gain energy j - an uncursed potion of healing Wands h - an uncursed wand of opening (0:3) D - an uncursed wand of undead turning (0:2) Tools d - an uncursed lock pick f - an uncursed sack g - an uncursed blindfold x - an uncursed towel Gems n - an uncursed opal Spells and supernatural/magical abilities: Name Level Category Fail Memory W - pray for help -- divine ? -- Your skills at the end: Miscellaneous Skills wands [Basic] Weapon Skills dagger [Basic] short sword [Basic] Spellcasting Skills healing spells [Basic] Final Attributes: You were devoutly aligned. You saw invisible. You were stealthy. You were protected from shape changers. You were unlucky. You are dead. Vanquished creatures: a kitten 2 orc zombies 2 hobbits an acid blob a gecko a yellow mold a gnome zombie a jackal a kobold 6 newts 4 grid bugs 9 lichens 30 creatures vanquished. Voluntary challenges: You were vegetarian. You did not adorn yourself with jewelry or accessories. You used a wielded weapon 33 times, starting on turn 38. You did not apply a unicorn horn. You read items or engraved 7 times, starting on turn 365. You never genocided any monsters. You never polymorphed an object. You never changed form. You used no wishes. You never split a pudding. You never wrote Elbereth's name. You violated your moral code, losing 5 points of alignment, starting on turn 1552. Dungeon overview: The Dungeons of Doom: levels 1 to 4 Level 1 a long staircase Level 2 a fountain a long staircase Level 3 an altar to Mog, some fountains Level 4 <- You were here a sink History has recorded: On T:1 you entered the Dungeons of Doom to retrieve the Amulet of Yendor! On T:485 you advanced to experience level 2. On T:514 you reached level 2 of The Dungeons of Doom. On T:775 you advanced to experience level 3. On T:1078 you reached level 3 of The Dungeons of Doom. On T:1552 you advanced to experience level 4. On T:1601 you reached level 4 of The Dungeons of Doom. Score breakdown: Gold: 230 ( 23 points) Experience: 4 levels ( 300 points) Exploration: 4 levels ( 90 points) Discoveries: 3 items ( 150 points) Variety of kills: 12 monsters ( 600 points) Major goal: (nothing yet) ( 0 points) Survival: died (score multiplied by 3) Total score: 3489 Latest messages: You see here a statue of a green mold. You begin praying to Kos. You feel that Kos is displeased. The dagger hits the rothe. The rothe claws you! The rothe bites! (2x) You throw 2 daggers. The 1st dagger hits the rothe. The 2nd dagger hits the rothe. You stab the rothe. The rothe claws you! The rothe bites! (2x) You stab the rothe. The rothe claws you! The rothe bites! (2x) You faint from lack of food. Something claws you! Something bites! (2x) You try to draw healing from your surroundings, but you are too weak. Something bites! Something claws you! Something bites! You die... Final status: Goodbye Celery the Rogue, killed by a rothe, while fainted from lack of food... You died in The Dungeons of Doom on dungeon level 4 with 3489 points, and 230 pieces of gold, after 1789 moves. You were level 4 with a maximum of 37 hit points when you died.